cohdb
Replays
Latest Replays
All Replays
Popular Replays
Top Player Replays
Match Explorer
How It Works
Community
CoH3 Stats
Reddit
Sign in to upload your games and track your stats! →
Sign in with Steam
Match 23994933
Unlisted
Match 23994933
Overview
Messages
Build Orders
End
Construct Infanterie Kompanie
Selects Mechanized Battlegroup
Grenadier Squad
Grenadier Squad
GrW 34 Mortar Team
Construct Panzergrenadier Kompanie
Medical Station
Grenadier Squad
251 Medium Carrier
251 Medium Carrier
Selects Mobile Repair Stations
Repair Bunker
Construct Luftwaffe Kompanie
Medical Bunker
Selects Raid Package
Jäger Squad
Infanterie Officer Quarters
Panzergrenadier Officer Quarters
Selects StuG Assault Group
Pak 40 Anti-tank Gun Team
Pioneer Squad
Jäger Squad
221 Scout Car
251 Medium Carrier
Selects Wespe Self-propelled Artillery
Luftwaffe Officer Quarters
Pioneer Squad
251 Medium Carrier
AI Takeover
Bot Bot
Skill Obviously
iceman
Kobert
DialUpInHell
Steel Striker
0
0
Comments
sign in to comment!
No comments posted yet!